 Dungeon Crawl Stone Soup version 0.30-a0-956-gcec3b41aec (webtiles) character file.

Game seed: 15030987098333781189

27 lesbiats the Ducker (level 2, -4/25 (29) HPs)
             Began as a Troll Fighter on Mar 30, 2023.
             Slain by Terence
             ... wielding the +7 Throatcutter {drain, coup de grace}
              (9 damage)
             ... on level 2 of the Dungeon.
             The game lasted 00:01:40 (487 turns).

lesbiats the Ducker (Troll Fighter)                  Turns: 487, Time: 00:01:42

HP:   -4/25 (29)    AC:  4    Str: 23    XL:     2   Next: 93%
MP:   1/1           EV:  8    Int:  4    God:
Gold: 28            SH:  7    Dex:  9    Spells: 1/1 levels left

rFire   . . .      SeeInvis .    a - +0 flail
rCold   . . .      Faith    .    c - +0 kite shield
rNeg    . . .      Spirit   .    b - +0 robe
rPois   .          Reflect  .    (helmet restricted)
rElec   .          Rampage  .    (no cloak)
rCorr   .                        (gloves unavailable)
Will    .....                    (boots unavailable)
Stlth   +                        (no amulet)
HPRegen 1.04/turn                (no ring)
MPRegen 0.07/turn                (no ring)

@: heavily drained
A: large, unfitting armour, claws 3, regeneration 1, shaggy fur 1, tough skin 1
a: no special abilities


You were on level 2 of the Dungeon.
You visited 1 branch of the dungeon, and saw 2 of its levels.

You collected 28 gold pieces.

Inventory:

Hand Weapons
 a - a +0 flail (weapon)
Missiles
 h - 7 stones (quivered)
Armour
 b - a +0 robe (worn)
 c - a +0 kite shield (worn)
Scrolls
 e - a scroll of amnesia {unknown}
 f - 2 scrolls of enchant weapon {unknown}
 g - a scroll of teleportation {unknown}
 j - 2 scrolls of poison {unknown}
 k - a scroll of vulnerability {unknown}
Potions
 d - a potion of might
 i - a potion of resistance {unknown}


   Skills:
 + Level 2.7 Fighting
 + Level 2.1 Maces & Flails
 * Level 3.0 Dodging
 - Level 2.6 Shields


You had one spell level left.
You didn't know any spells.
Your spell library was empty.

Dungeon Overview and Level Annotations

Branches:
Dungeon (2/15)

Altars:
Zin

Annotations:
D:2 Terence


Innate Abilities, Weirdness & Mutations

You are too large for most types of armour.
You have claws for hands.
Your natural rate of healing is unusually fast.
You are covered in fur. (AC +1)
You have tough skin. (AC +1)


Message History

You sock the ball python!
You kill the ball python!
The rat barely misses you. The rat bites you but does no damage.
You hit the rat.
You kill the rat!
No target in view!
Terence the Incautious comes into view.
He is wielding the +7 Throatcutter {drain, coup de grace}.
Found a glowing silver altar of Zin.
Terence shouts!
There is a stone staircase leading up here.
You see here a rat corpse.
Throw: 9 stones
Press: ? - help, Shift-Dir - straight line, f - Terence
Aim: Terence, wielding the +7 Throatcutter {drain, coup de grace} and wearing a +0 scale mail (58% to hit)
You throw a stone. The stone barely misses Terence.
Throw: 8 stones
Press: ? - help, Q - select action Shift-Dir - straight line, f/p - Terence
Aim: Terence, wielding the +7 Throatcutter {drain, coup de grace} and wearing a +0 scale mail (58% to hit)
You throw a stone.
The stone hits Terence but does no damage.
You hit Terence but do no damage. You block Terence's attack.
You hit Terence.
Terence is lightly wounded.
You block Terence's attack.
You barely miss Terence.
Terence is lightly wounded.
Terence hits you with the +7 Throatcutter {drain, coup de grace}!
You feel drained. Terence misses you.
You closely miss Terence.
Terence is lightly wounded.
Terence hits you with the +7 Throatcutter {drain, coup de grace}.
You feel drained.
You barely miss Terence.
Terence is lightly wounded.
Terence hits you with the +7 Throatcutter {drain, coup de grace}!
* * * LOW HITPOINT WARNING * * *
You feel drained.
* * * LOW HITPOINT WARNING * * *
Terence hits you with the +7 Throatcutter {drain, coup de grace}!
You die...

..........
#.......#
#.......#
#....?..##+#####
#.......+.......
#.......#.......
#.......<.......
######+#@#..####
#@# .# #........
#########


You could see Terence.

Vanquished Creatures
  5 endoplasms (D:1)
  3 giant cockroaches (D:1)
  4 goblins (D:1)
  A hobgoblin (D:1)
  2 quokkas (D:1)
  3 ball pythons
  3 frilled lizards (D:1)
  2 rats
23 creatures vanquished.

Notes
Turn   | Place    | Note
-------+----------+-------------------------------------------
     0 | D:1      | lesbiats the Troll Fighter began the quest for the Orb.
     0 | D:1      | Reached XP level 1. HP: 22/22 MP: 0/0
   114 | D:1      | Reached XP level 2. HP: 29/29 MP: 1/1
   399 | D:1      | Reached skill level 3 in Dodging
   475 | D:2      | Found a glowing silver altar of Zin.
   475 | D:2      | Noticed Terence
   487 | D:2      | Slain by Terence

Illustrated notes

Levels and vault maps discovered:
D:1:      ncdulo_wetmaze, layout_rooms
D:2:      layout_basic, shapermc_ecumenical_altar_venn, basic_altar,
          supply_closet_lemuel, uniq_terence, uniq_natasha

Skill      XL: |  1  2 |
---------------+-------+-----
Maces & Flails | 2 |  2.1
Dodging        | 3 |  3.0
Fighting       | |  2.7
Shields        | |  2.6

Action                     || total
---------------------------++-------
  Melee: Flail             ||    71
  Throw: Stone             ||     2
 Armour: Robe              ||    33
  Dodge: Dodged            ||    27
  Block: Kite shield       ||    47

Table legend: (Time is in decaauts)
 A = Elapsed time spent in this place.
 B = Non-inter-level travel time spent in this place.
 C = Inter-level travel time spent in this place.
 D = Time resting spent in this place.
 E = Time spent auto-exploring this place.
 F = Levels seen in this place.
 G = Mean time per level.
                   A        B        C        D        E       F      G
               +--------+--------+--------+--------+--------+-----+--------+
         Total |    517 |    486 |     31 |     18 |    277 |   2 |  258.5 |
       Dungeon |    517 |    486 |     31 |     18 |    277 |   2 |  258.5 |
               +--------+--------+--------+--------+--------+-----+--------+

Top non-repeatable levels by time:
     D:1: 484 daAuts
     D:2: 32 daAuts
